 Dungeon Crawl Stone Soup version 0.23.2-30-g0e89c35649 (webtiles) character file.

Game seed: 16190103404501900182

25 Aldia the Skirmisher (level 3, 0/29 HPs)
             Began as a Formicid Abyssal Knight on June 11, 2019.
             Was a Believer of Lugonu.
             Slain by a bat (1 damage)
             ... on level 2 of the Dungeon.
             The game lasted 00:02:28 (1111 turns).

Aldia the Skirmisher (Formicid Abyssal Knight)      Turns: 1111, Time: 00:02:28

Health: 0/29       AC:  5    Str: 17    XL:     3   Next: 17%
Magic:  4/4        EV: 10    Int: 11    God:    Lugonu [**....]
Gold:   30         SH:  0    Dex: 10    Spells: 2/2 levels left

rFire    . . .     SeeInvis +   h - -3 mace (curse)
rCold    . . .     Gourm    .   (no shield)
rNeg     . . .     Faith    .   e - +0 ring mail
rPois    .         Spirit   .   (helmet unavailable)
rElec    .         Reflect  .   (no cloak)
rCorr    .         Harm     .   (no gloves)
MR       .....                  (no boots)
Stlth    ..........             (no amulet)
HPRegen  0.09/turn              (no ring)
MPRegen  0.09/turn              (no ring)

@: lethally poisoned (0 -> -10)
A: permanent stasis, dig shafts and tunnels, four strong arms, antennae 3
a: Dig, Shaft Self, Depart the Abyss, Bend Space, Renounce Religion


You were on level 2 of the Dungeon.
You worshipped Lugonu.
Lugonu was pleased with you.
You were hungry.

You visited 1 branch of the dungeon, and saw 2 of its levels.
You visited the Abyss 1 time.

You collected 30 gold pieces.

Inventory:

Hand Weapons
 a - a +1 mace
 h - a cursed -3 mace (weapon)
Armour
 b - a +0 leather armour
 e - a +0 ring mail (worn)
Potions
 g - a potion of agility {unknown}
 i - a potion of haste {unknown}
Comestibles
 c - 2 rations


   Skills:
 + Level 3.5 Fighting
 * Level 2.5 Maces & Flails
 + Level 2.5 Armour
 - Level 1.0 Dodging
 + Level 2.5 Invocations


You had 2 spell levels left.
You didn't know any spells.
Your spell library was empty.

Dungeon Overview and Level Annotations

Branches:
Dungeon (2/15)

Altars:


Innate Abilities, Weirdness & Mutations

You cannot be hasted, slowed, berserked, paralysed or teleported.
You can dig through walls and to a lower floor.
Your four strong arms can wield two-handed weapons with a shield.
You have a pair of large antennae on your head. (SInv)


Message History

The dart slug bites you. The rat bites you but does no damage.
You hit the dart slug but do no damage. The bat misses you.
The scorpion stings you!
You are lethally poisoned!
The scorpion poisons you! The rat bites you but does no damage.
The dart slug bites you.
The scorpion stings you but does no damage.
You hit the rat.
The rat is moderately wounded.
* * * LOW HITPOINT WARNING * * *
You feel sick. The bat hits you but does no damage.
The rat bites you but does no damage. The worm bites you.
* * * LOW HITPOINT WARNING * * *
The scorpion closely misses you. The dart slug misses you.
You sock the dart slug!
You kill the dart slug!
Lugonu accepts your kill.
* * * LOW HITPOINT WARNING * * *
You feel sick. The bat hits you.
You die...

#. #.# #.# #.
###.##..
##.##......####
..?...........
#.........?.#
#..........#
##.#s..).....
##..#w@b......
#..#.†r.......
#.##..$.......
##.##.#..###...
#..##...## [.
#.###.### . #.#
#.# #.# >.# #.#
.##


You could see a worm, a scorpion, a bat and a rat.

Vanquished Creatures
  An ooze (D:1)
  3 dart slugs
  4 goblins (D:1)
  A hobgoblin (D:1)
  3 bats (D:1)
  3 kobolds (D:1)
  A rat (D:1)
16 creatures vanquished.

Notes
Turn   | Place    | Note
-------+----------+-------------------------------------------
     0 | Abyss:1  | Aldia the Formicid Abyssal Knight began the quest for the
                  | Orb.
     0 | Abyss:1  | Reached XP level 1. HP: 18/18 MP: 2/2
    11 | D:1      | Escaped the Abyss
   196 | D:1      | Reached skill level 1 in Dodging
   196 | D:1      | Reached XP level 2. HP: 17/24 MP: 3/3
   685 | D:1      | Reached XP level 3. HP: 27/29 MP: 4/4
   768 | D:1      | Reached ** piety under Lugonu
  1102 | D:2      | Noticed a scorpion
  1111 | D:2      | HP: 1/29 [poisoned by a scorpion]
  1111 | D:2      | Slain by a bat

Skill      XL: |  1 |
---------------+----+-----
Dodging        | 1 |  1.0
Fighting       | |  3.5
Maces & Flails | |  2.5
Armour         | |  2.5
Invocations    | |  2.5

Action                   || total
-------------------------++-------
Melee: Mace              ||    94
  Use: Scroll            ||     1
       Potion            ||     1
Armor: Leather armour    ||     5
       Ring mail         ||    37
Dodge: Dodged            ||    81
